 Dungeon Crawl Stone Soup version 0.25.1-2-g60ff931df9 (webtiles) character file.

Game seed: 12807083678097203340

13 Martska the Grasshopper (level 2, -2/26 HPs)
             Began as a Naga Warper on Oct 10, 2020.
             Slain by a gnoll
             ... wielding a +0 whip
              (3 damage)
             ... on level 1 of the Dungeon.
             The game lasted 00:01:41 (1085 turns).

Martska the Grasshopper (Naga Warper)               Turns: 1085, Time: 00:01:41

Health: -2/26      AC:  2    Str: 13    XL:     2   Next: 37%
Magic:  5/5        EV:  9    Int: 13    God:
Gold:   22         SH:  0    Dex: 10    Spells: 5/5 levels left

rFire    . . .     SeeInvis +   a - +0 spear
rCold    . . .     Gourm    .   (no shield)
rNeg     . . .     Faith    .   b - +0 leather armour
rPois    +         Spirit   .   (no helmet)
rElec    .         Reflect  .   (no cloak)
rCorr    .         Harm     .   (no gloves)
MR       .....                  (no barding)
Stlth    +.........             (no amulet)
HPRegen  0.08/turn              (no ring)
MPRegen  0.09/turn              (no ring)

@: very slow
A: large, see invisible, deformed body, poison resistance, slowness 2, slow
metabolism 1, spit poison 1, AC +0
a: Spit Poison


You were on level 1 of the Dungeon.
You were not hungry.

You visited 1 branch of the dungeon, and saw 1 of its levels.

You collected 22 gold pieces.

Inventory:

Hand Weapons
 a - a +0 spear (weapon)
Missiles
 e - 5 boomerangs of dispersal (quivered)
Armour
 b - a +0 leather armour (worn)
Scrolls
 d - a scroll of blinking
 j - a scroll of teleportation {unknown}
Potions
 c - a potion of lignification {unknown}
 g - 2 potions of invisibility {unknown}
 h - a potion of heal wounds {unknown}
 i - a potion of might {unknown}
Comestibles
 f - 2 rations
 k - 3 chunks of flesh


   Skills:
 * Level 2.2 Fighting
 * Level 2.2 Polearms
 - Level 0.8 Throwing
 + Level 0.9 Armour
 * Level 1.7 Dodging
 * Level 2.1 Spellcasting
   Level 3.0 Translocations


You had 5 spell levels left.
You didn't know any spells.
Your spell library contained the following spells:

 Spells                   Type           Power        Failure   Level  Hunger
 Blink                    Tloc           N/A          14%         2    ###....
 Shroud of Golubria       Chrm/Tloc      #.....       26%         2    ###....
 Gell's Gravitas          Tloc           #.........   28%         3    ####...
 Lesser Beckoning         Tloc           #.........   28%         3    ####...
 Teleport Other           Tloc           #.......     28%         3    ####...
 Passage of Golubria      Tloc           N/A          67%         4    #####..


Dungeon Overview and Level Annotations

Branches:
Dungeon (1/15)

Altars:


Innate Abilities, Weirdness & Mutations

You cannot wear boots.
Your serpentine skin is tough. (AC +0)
You have supernaturally acute eyesight. (SInv)
Armour fits poorly on your strangely shaped body.
Your system is resistant to poisons. (rPois)
You cover ground very slowly.
You have a slow metabolism.
You can spit poison.


Message History

The gnoll is heavily wounded.
The gnoll hits you with a +0 whip!
You are too injured to fight recklessly!
You are too injured to fight recklessly!
You are too injured to fight recklessly!
You are too injured to fight recklessly!
Attack whom?
Press: ? - help, Dir - move target cursor, f/p - gnoll
Aim: a gnoll, wielding a +0 whip (heavily wounded)
You hit the gnoll.
The gnoll is severely wounded.
The gnoll hits you with a +0 whip!
* * * LOW HITPOINT WARNING * * *
Attack whom?
Press: ? - help, Dir - move target cursor, f/p - gnoll
Aim: a gnoll, wielding a +0 whip (severely wounded)
You closely miss the gnoll.
The gnoll is severely wounded.
The gnoll hits you with a +0 whip.
You die...

.... ... #..# .. #..# ## .... #
#..# .. .#.#.# #..# #.##.... #..#
##. .#.[##.. #####...
#.###g...... #....... #..#@#..#
#. #.###.## #.#.##..# #.##.# #.#
##.#.##.÷# #.##.# #.# #..#.##..#
#.##.# #.# ##.#.##..###.##.# #.#
#)#.÷.......##.# #.#
##.##.##.......÷###.## ...÷...÷.
#.....##.#.....[......
..÷....÷÷..##.##.##.#.#.########.


You could see a gnoll.

Vanquished Creatures
  2 leopard geckos (D:1)
  2 bats (D:1)
  A goblin (D:1)
  2 hobgoblins (D:1)
  2 frilled lizards (D:1)
  2 kobolds (D:1)
11 creatures vanquished.

Notes
Turn   | Place    | Note
-------+----------+-------------------------------------------
     0 | D:1      | Martska the Naga Warper began the quest for the Orb.
     0 | D:1      | Reached XP level 1. HP: 19/19 MP: 3/3
   417 | D:1      | Reached XP level 2. HP: 2/26 MP: 5/5
  1084 | D:1      | HP: 1/26 [gnoll/+0 whip (7)]
  1085 | D:1      | Slain by a gnoll

Illustrated notes

Levels and vault maps discovered:
D:1:      giann_forest_graveyard, layout_loops_ring

Action                   || total
-------------------------++-------
Melee: Spear             ||    67
 Abil: Spit Poison       ||     5
Armor: Leather armour    ||     9
Dodge: Dodged            ||    30
